 Dungeon Crawl Stone Soup version 0.30-a0-40-gc6d0f036a7 (webtiles) character file.

Game seed: 8223038868052226487

158 porpoise the Poker (level 5, 0/43 HPs)
             Began as a Merfolk Gladiator on Aug 30, 2022.
             Succumbed to a water moccasin's poison
             ... on level 4 of the Dungeon.
             The game lasted 00:07:24 (2813 turns).

porpoise the Poker (Merfolk Gladiator)              Turns: 2813, Time: 00:07:24

Health: 0/43       AC: 12    Str: 17    XL:     5   Next: 40%
Magic:  5/5        EV:  8    Int:  7    God:
Gold:   148        SH:  0    Dex: 15    Spells: 4/4 levels left

rFire   . . .      SeeInvis .    a - +0 trident
rCold   . . .      Faith    .    (no shield)
rNeg    + + .      Spirit   .    c - +0 shadow dragon scales
rPois   .          Reflect  .    r - +0 helmet
rElec   .          Harm     .    (no cloak)
rCorr   .          Rampage  .    (no gloves)
Will    .....                    (no boots)
Stlth   ++........               (no amulet)
HPRegen 0.14/turn                b - ring of positive energy
MPRegen 0.09/turn                p - ring of positive energy

@: lethally poisoned (0 -> -3)
A: (nimble swimmer 2), mertail
a: no special abilities


You were on level 4 of the Dungeon.
You visited 1 branch of the dungeon, and saw 4 of its levels.

You collected 148 gold pieces.

Inventory:

Hand Weapons
 a - a +0 trident (weapon)
Missiles
 d - 3 throwing nets (quivered)
 e - a javelin
 q - 5 poisoned darts
Armour
 c - +0 shadow dragon scales (worn)
 k - a +0 ring mail
 r - a +0 helmet (worn)
Jewellery
 b - a ring of positive energy (left hand)
 p - a ring of positive energy (right hand)
Scrolls
 f - 2 scrolls of teleportation
 g - a scroll of butterflies {unknown}
 j - a scroll of blinking {unknown}
 n - a scroll of brand weapon {unknown}
Potions
 h - a potion of degeneration {unknown}
 l - a potion of lignification {unknown}
 m - a potion of flight {unknown}
 o - 4 potions of might {unknown}


   Skills:
 + Level 4.4 Fighting
 + Level 6.2 Polearms
 - Level 2.0 Throwing
 - Level 4.0 Dodging


You had 4 spell levels left.
You didn't know any spells.
Your spell library contained the following spells:

 Spells                   Type           Power      Damage    Failure   Level
 Slow                     Hex            0%         N/A       100%        1
 Sublimation of Blood     Necr           0%         N/A       100%        2
 Wereblood                Tmut           0%         N/A       100%        2
 Confusing Touch          Hex            0%         N/A       100%        3
 Conjure Flame            Conj/Fire      0%         6-21      100%        3
 Ignite Poison            Fire/Tmut/Pois 0%         N/A       100%        3
 Mephitic Cloud           Conj/Pois/Air  0%         N/A       100%        3
 Vampiric Draining        Necr           0%         2d6       100%        3
 Sticky Flame             Conj/Fire      0%         2d3       100%        4
 Freezing Cloud           Conj/Ice/Air   0%         6-21      100%        5
 Summon Forest            Summ/Tloc      0%         N/A       100%        5
 Summon Mana Viper        Hex/Summ       0%         N/A       100%        5
 Summon Cactus Giant      Summ           0%         N/A       100%        6
 Summon Hydra             Summ           0%         N/A       100%        7


Dungeon Overview and Level Annotations

Branches:
Dungeon (4/15)
 Temple: D:4-7

Altars:

Annotations:
D:3 2 transporters, flotson's ghost, amateur DsDe


Innate Abilities, Weirdness & Mutations

((You are very nimble when in or above water. (Stealth+, EV+, Speed+++)))
Your lower body shifts to a powerful aquatic tail in water.


Message History

The water moccasin barely misses you.
You hit the water moccasin but do no damage.
The water moccasin is severely wounded.
The water moccasin bites you.
* * * LOW HITPOINT WARNING * * *
The water moccasin bites you.
* * * LOW HITPOINT WARNING * * *
You are lethally poisoned!
The water moccasin poisons you!
You completely miss the water moccasin.
The water moccasin is severely wounded.
* * * LOW HITPOINT WARNING * * *
You feel very sick.
The water moccasin bites you but does no damage.
You barely miss the water moccasin.
The water moccasin is severely wounded.
* * * LOW HITPOINT WARNING * * *
You feel very sick. The water moccasin closely misses you.
You miss the water moccasin.
The water moccasin is severely wounded.
* * * LOW HITPOINT WARNING * * *
You feel sick.
The water moccasin bites you but does no damage. x2
You hit the water moccasin.
The water moccasin is almost dead.
* * * LOW HITPOINT WARNING * * *
You feel sick.
The water moccasin bites you but does no damage.
You miss the water moccasin.
The water moccasin is almost dead.
* * * LOW HITPOINT WARNING * * *
You feel sick.
The water moccasin bites you but does no damage.
The dart slug briefly extends its eye-stalks.
The jackal stops to sniff the ground.
The water moccasin closely misses you.
You closely miss the water moccasin.
The water moccasin is almost dead.
You die...

.### .# #...## .#
#....#..# ####
#....#.# ....
#.....# ###.
..!###.########..
.........wJ.......
#######..hS#####.
#.###@# #...#.# ##
#.#.#.# .## ##...##
..###########...####
...................+
..##########.......#
.## #.#.###.# ##
#.#.# .#


You could see a water moccasin, a dart slug, an endoplasm and a jackal.

Vanquished Creatures
  An orc priest (D:3)
  An iguana (D:4)
  2 adders
  2 worms (D:3)
  4 dart slugs (D:1)
  4 orcs (D:3)
  7 ball pythons
  4 bats
  6 endoplasms
  3 giant cockroaches
  6 goblins
  5 hobgoblins
  4 jackals (D:3)
  3 kobolds
  4 quokkas
  4 frilled lizards
  5 rats
65 creatures vanquished.

Vanquished Creatures (others)
  2 fungi (D:1)
  7 plants (D:1)
9 creatures vanquished.

Grand Total: 74 creatures vanquished

Notes
Turn   | Place    | Note
-------+----------+-------------------------------------------
     0 | D:1      | porpoise the Merfolk Gladiator began the quest for the Orb.
     0 | D:1      | Reached XP level 1. HP: 16/16 MP: 1/1
   153 | D:1      | Reached XP level 2. HP: 23/23 MP: 2/2
   521 | D:1      | Found a faded altar of an unknown god.
   526 | D:1      | Reached XP level 3. HP: 29/29 MP: 3/3
  1072 | D:2      | Reached skill level 5 in Polearms
  1784 | D:3      | Reached XP level 4. HP: 35/35 MP: 4/4
  1974 | D:3      | Found a transporter.
  1979 | D:3      | Noticed flotson's ghost (amateur DsDe)
  1985 | D:3      | Found a transporter.
  2416 | D:3      | Reached XP level 5. HP: 42/42 MP: 5/5
  2731 | D:4      | Reached skill level 6 in Polearms
  2769 | D:4      | Noticed a water moccasin
  2812 | D:4      | HP: 1/43 [poisoned by a water moccasin]
  2813 | D:4      | Succumbed to a water moccasin's poison

Illustrated notes

Levels and vault maps discovered:
D:1:      dpeg_arrival_line_fractal, layout_loops_ring,
          shapermc_ecumenical_altar_mp_ritualfount, minmay_pentomino_u2
D:2:      layout_loops_ring, minmay_between
D:3:      layout_basic, gammafunk_ghost_arena
D:4:      layout_loops_corners, trog_ov_bears_minmay,
          mainiacjoe_overflow_boulevard, grunt_dithmenos_smoke,
          mainiacjoe_overflow_alcove_2, serial_bayou_pond_b, minmay_bent

Skill      XL: |  1  2  3  4  5 |
---------------+----------------+-----
Fighting       | 3 4 |  4.4
Polearms       | 5 6 |  6.2
Throwing       | |  2.0
Dodging        | |  4.0

Action                   |  1- 3 |  4- 6 || total
-------------------------+-------+-------++-------
Melee: Trident           |   106 |   130 ||   236
       Punch             |       |     1 ||     1
  Use: Potion            |       |     3 ||     3
       Scroll            |       |     1 ||     1
 Stab: Sleeping          |     4 |       ||     4
Armor: Leather armour    |     2 |       ||     2
       Ring mail         |    31 |    17 ||    48
       Shadow dragon sca |       |    38 ||    38
Dodge: Dodged            |    22 |    57 ||    79

Table legend: (Time is in decaauts)
 A = Elapsed time spent in this place.
 B = Non-inter-level travel time spent in this place.
 C = Inter-level travel time spent in this place.
 D = Time resting spent in this place.
 E = Time spent auto-exploring this place.
 F = Levels seen in this place.
 G = Mean time per level.
                   A        B        C        D        E       F      G
               +--------+--------+--------+--------+--------+-----+--------+
         Total |   2818 |   2703 |    115 |    571 |   1612 |   4 |  704.5 |
       Dungeon |   2818 |   2703 |    115 |    571 |   1612 |   4 |  704.5 |
               +--------+--------+--------+--------+--------+-----+--------+

Top non-repeatable levels by time:
     D:3: 944 daAuts
     D:1: 901 daAuts
     D:2: 795 daAuts
     D:4: 177 daAuts
